 Dungeon Crawl Stone Soup version 0.30-a0-715-gdb4ae3ece1 (webtiles) character file.

Game seed: 1463218625599456257

87227 ASSMAN the Brawler (level 15, -4/119 HPs)
             Began as a Barachi Berserker on Jan 24, 2023.
             Was a High Priest of Trog.
             Slain by a jumping spider (22 damage)
             ... on level 2 of the Spider Nest.
             The game lasted 00:42:56 (20943 turns).

ASSMAN the Brawler (Barachi Berserker)             Turns: 20943, Time: 00:42:57

Health: -4/119     AC: 30    Str: 21    XL:     15   Next: 89%
Magic:  0/15       EV:  6    Int: 15    God:    Trog [*****.]
Gold:   1926       SH:  0    Dex: 12    Spells: 14/14 levels left

rFire   . . .      SeeInvis +    C - +5 lajatang (flame)
rCold   + . .      Faith    .    (shield currently unavailable)
rNeg    . . .      Spirit   +    y - +8 chain mail of Vexation {rC+ Regen+}
rPois   +          Reflect  .    X - +2 hat
rElec   +          Harm     .    (no cloak)
rCorr   .          Rampage  .    f - +2 pair of gloves
Will    +....                    O - +2 pair of boots Stlth
                                 U - amulet of Fun {Spirit rElec Str-4 Int+7}
HPRegen 1.19/turn                H - ring of poison resistance
MPRegen 0.14/turn                s - ring of see invisible

@: on berserk cooldown, held, slowed, very slow
A: amphibious, slowness 1, strong legs 2, +LOS, mutation resistance 1
a: Hop, Renounce Religion, Berserk, Trog's Hand, Brothers in Arms


You were on level 2 of the Spider Nest.
You worshipped Trog.
Trog was extremely pleased with you.
You visited 3 branches of the dungeon, and saw 21 of its levels.
You also visited: Sewer, Ossuary and Ice Cave.

You collected 2173 gold pieces.
You spent 247 gold pieces at shops.

Inventory:

Hand Weapons
 C - a +5 lajatang of flaming (weapon)
 P - the +8 quarterstaff of Ignis's Condemnation {venom, +Blink rN++ Str+3 Int-5}
   (You took it off an efreet on level 9 of the Dungeon)

   Str:       It affects your strength (+3).
   Int:       It affects your intelligence (-5).
   rN:        It greatly protects you from negative energy.
   +Blink:    It lets you blink.
 R - the +0 glaive of Roigon {spect, rF+}
   (You took it off a deep elf pyromancer on level 9 of the Dungeon)

   rF:        It protects you from fire.
 T - the +5 spear "Ameese" {flame, rF- rC++ Will+}
   (You found it on level 9 of the Dungeon)

   rF:        It makes you vulnerable to fire.
   rC:        It greatly protects you from cold.
   Will:      It increases your willpower.
Missiles
 m - 2 throwing nets
 A - 8 javelins (quivered)
 K - 9 boomerangs
Armour
 f - a +2 pair of gloves (worn)
 t - a +2 tower shield of cold resistance
 y - the +8 chain mail of Vexation (worn) {rC+ Regen+}
   (You bought it in a shop on level 4 of the Dungeon)

   rC:        It protects you from cold.
   Regen:     It increases your rate of health regeneration.
 O - a +2 pair of boots (worn)
 X - a +2 hat (worn)
Jewellery
 j - a ring of flight
 s - a ring of see invisible (right hand)
 H - a ring of poison resistance (left hand)
 Q - a ring of positive energy
 S - a ring of positive energy
 U - the amulet of Fun (around neck) {Spirit rElec Str-4 Int+7}
   (You found it on level 1 of the Lair of Beasts)

   [amulet of guardian spirit]

   It causes incoming damage to be divided between your reserves of health and
   magic.
   Str:       It affects your strength (-4).
   Int:       It affects your intelligence (+7).
   rElec:     It insulates you from electricity.
Wands
 g - a wand of paralysis (7)
 r - a wand of flame (40)
 u - a wand of roots (14)
 M - a wand of polymorph (7)
 N - a wand of mindburst (8)
Scrolls
 a - 3 scrolls of poison
 b - a scroll of brand weapon
 e - 11 scrolls of enchant weapon
 i - 3 scrolls of blinking
 o - 3 scrolls of fog
 w - a scroll of fear
 z - 3 scrolls of silence
 B - 7 scrolls of teleportation
 D - 2 scrolls of butterflies
 E - 5 scrolls of magic mapping
 G - 3 scrolls of enchant armour
 W - 9 scrolls of identify
 Z - 2 scrolls of amnesia
Potions
 d - 2 potions of ambrosia
 h - 3 potions of might
 l - a potion of heal wounds
 n - 4 potions of resistance
 q - 2 potions of magic
 v - 18 potions of curing
 F - 3 potions of flight
 L - 6 potions of haste
Miscellaneous
 c - a box of beasts
 x - a lightning rod (4/4)
 I - a phial of floods
 J - a tin of tremorstones (2/2)
 Y - a condenser vane


   Skills:
 + Level 11.6 Fighting
 - Level 0.4 Short Blades
 - Level 14.0 Staves
 - Level 0.5 Throwing
 + Level 14.3 Armour
 + Level 10.5 Dodging
 - Level 2.8 Stealth
 - Level 17.5 Unarmed Combat
 + Level 8.3 Evocations


You had 14 spell levels left.
You didn't know any spells.
Your spell library contained the following spells:

 Spells                   Type           Power      Damage    Failure   Level
 Apportation              Tloc           0%         N/A       80%         1
 Necrotise                Necr           0%         1d4       80%         1
 Summon Small Mammal      Summ           0%         N/A       80%         1
 Cigotuvi's Dreadful Rot  Necr/Pois/Air  0%         N/A       91%         2
 Poisonous Vapours        Pois/Air       0%         N/A       91%         2
 Static Discharge         Conj/Air       0%         2-2/arc   91%         2
 Call Canine Familiar     Summ           0%         N/A       99%         3
 Dazzling Flash           Conj/Hex       0%         N/A       99%         3
 Mephitic Cloud           Conj/Pois/Air  0%         N/A       99%         3
 Portal Projectile        Hex/Tloc       0%         N/A       99%         3
 Stone Arrow              Conj/Erth      0%         3d7       99%         3
 Vhi's Electric Charge    Tloc/Air       0%         N/A       99%         3
 Animate Armour           Summ/Erth      0%         N/A       100%        4
 Leda's Liquefaction      Hex/Erth       0%         N/A       100%        4
 Agony                    Necr           0%         N/A       100%        5
 Arcjolt                  Conj/Air       0%         1d10      100%        5
 Lee's Rapid Deconstruct  Erth           0%         3d4*      100%        5
 Lightning Bolt           Conj/Air       0%         1d11      100%        5
 Silence                  Hex/Air        0%         N/A       100%        5
 Yara's Violent Unravell  Hex/Tmut       0%         3d3       100%        5
 Statue Form              Tmut/Erth      0%         N/A       100%        6
 Enfeeble                 Hex            0%         N/A       100%        7
 Lehudib's Crystal Spear  Conj/Erth      0%         10d2      100%        8


Dungeon Overview and Level Annotations

Branches:
Dungeon (13/15)            Temple (0/1) D:7            Lair (5/5) D:9
  Swamp (0/4) Lair:3       Spider (3/4) Lair:2        Slime (0/5) Lair:5
    Orc (0/2) D:10          Sewer (visited)         Ossuary (visited)
  IceCv (visited)
 Vaults: D:13-14

Altars:
Dithmenos
Elyvilon
Gozag
Hepliaklqana
Kikubaaqudgha
Nemelex Xobeh
Okawaru
Ru
Sif Muna
Uskayaw
Vehumet
Yredelemnul
Zin
Jiyva
Lugonu

Shops:
D:4 (?[(   D:5 (

Portals:
Abyss: Lair:5


Innate Abilities, Weirdness & Mutations

You are amphibious.
You cover ground slowly.
You can hop long distances.
You have an extended range of vision and can be seen from far away.
You are somewhat resistant to further mutation.


Message History

The jumping spider closely misses you.
The culicivora bites you but does no damage.
The jumping spider pounces on you!
You are caught in a web!
The jumping spider bites you but does no damage.
The jumping spider leaps!
The culicivora bites you!!
* * * LOW HITPOINT WARNING * * *
The culicivora draws strength from your injuries!
The orb spider weaves a glowing orb of energy.
The wavering orb of destruction weakly hits the jumping spider!!
The jumping spider pounces on you.
* * * LOW HITPOINT WARNING * * *
The jumping spider bites you.
* * * LOW HITPOINT WARNING * * *
The culicivora barely misses you.
You climb upwards.
There is a stone staircase leading down, spattered with blood here.
You feel much better.
The jumping spider pounces on you but does no damage.
The jumping spider bites you.
* * * LOW HITPOINT WARNING * * *
The culicivora bites you but does no damage.
The jumping spider pounces on you!
* * * LOW HITPOINT WARNING * * *
You are caught in a web!
The jumping spider bites you.
* * * LOW HITPOINT WARNING * * *
The culicivora closely misses you. The jumping spider barely misses you.
The jumping spider bites you but does no damage.
The culicivora barely misses you.
Blink to where?
Press: ? - help, Dir - move target
As you read the scroll of blinking, it crumbles to dust.
The jumping spider barely misses you.
The jumping spider bites you but does no damage.
The jumping spider pounces on you.
* * * LOW HITPOINT WARNING * * *
You are caught in a web!
The jumping spider bites you but does no damage.
The jumping spider pounces on you but does no damage.
The jumping spider barely misses you. The jumping spider pounces on you!!
You die...

#################################
.#.#..#........#...............#.
.^.#..#.......###.............##.
###..}##..#..##....#####..###.#..
# ####.##.#............##..^#.###
# ##.########........#...###.. #
##..##)..##.......#..##..†.
#..##..#.##......#..#...##
##.##..###@#...####..#..##.
#...(####s##....#...^#..#..
##.^..##s##.#####†...#.^#.#
#..######.###...#...##.^#.# ##.#
##.#.^^.^....#.)##.# ###
#.##.###..####..#..#
##.#...####<....#..#
#####.#............##..
###.....#......)###...###


You could see a culicivora (berserk) and a jumping spider (berserk).

Vanquished Creatures
  Kirke (Lair:4)
  Donald (Spider:3)
  Roxanne (Spider:2)
  A ghost moth (Spider:1)
  A reaper (IceCv)
  2 broodmothers
  An entropy weaver (shapeshifter) (Lair:5)
  Fannar (D:11)
  2 entropy weavers (Spider:2)
  Josephine (D:12)
  2 hydras
  A jorogumo (Spider:2)
  4 radroaches
  A boulder beetle (D:7)
  2 two-headed ogres (D:10)
  A tengu warrior (D:9)
  3 thrashing horrors (Lair:5)
  2 death yaks (Lair:3)
  2 pharaoh ants
  Lodul (D:12)
  A steelbarb worm (Spider:1)
  7 wolf spider zombies (Spider:3)
  3 orb spiders (Spider:2)
  Pikel (D:6)
  A necromancer (Spider:3)
  5 wolf spiders
  3 ugly things (Lair:5)
  4 oklob plants (Lair:4)
  A deep elf pyromancer (D:9)
  A cyclops (D:9)
  A manticore (D:9)
  4 elephants
  4 moths of wrath
  An ice statue (IceCv)
  9 demonic crawlers
  4 black mambas
  3 torpor snails
  2 gargoyles
  4 cane toads
  5 komodo dragons
  A large abomination (Lair:5)
  Psyche (D:11)
  An anaconda simulacrum (IceCv)
  An ice devil (IceCv)
  2 unseen horrors
  A kobold demonologist (D:9)
  5 redback zombies (Spider:3)
  2 ancient zymes (Lair:5)
  An efreet (D:9)
  7 trolls
  2 polar bears
  3 meliai (Spider:2)
  9 culicivora zombies (Spider:3)
  A hornet (D:9)
  9 tarantellas
  24 blink frogs
  A dream sheep (shapeshifter) (Lair:5)
  7 tarantella zombies (Spider:3)
  22 jumping spiders
  6 slime creatures
  4 ynoxinuls (Lair:5)
  4 culicivoras
  Sigmund (D:2)
  A spriggan (Lair:3)
  5 wraiths (D:12)
  A shadow (D:11)
  2 wyverns
  6 basilisks
  13 small abominations (Lair:5)
  A hog (Lair:4)
  28 yaks
  2 chaos spawn (Lair:5)
  2 vampire mosquitoes (D:12)
  30 redbacks
  7 death yak simulacra
  4 steam dragons
  A harpy simulacrum (IceCv)
  2 hydra simulacra (IceCv)
  Duvessa (D:6)
  8 water moccasins
  An ice beast (D:6)
  11 orc warriors
  5 black bears
  7 wolves
  2 sky beasts (D:6)
  8 ogres
  8 centaurs
  A phantom (D:4)
  13 bullfrogs
  7 kobold brigands
  A necrophage (D:4)
  A gnoll sergeant (D:9)
  A cane toad simulacrum (IceCv)
  5 scorpions
  5 two-headed ogre simulacra (IceCv)
  Dowan (D:6)
  9 killer bees
  An electric eel (Lair:4)
  2 howler monkeys
  4 centaur zombies (Ossuary)
  5 hounds
  2 human zombies (Ossuary)
  7 orc priests
  2 jellies
  2 gnoll boudas
  2 iguanas (D:5)
  Terence (D:3)
  10 orc wizards
  4 troll simulacra (IceCv)
  3 polar bear simulacra
  7 hell rats
  10 spriggan simulacra (IceCv)
  3 wolf simulacra (IceCv)
  2 mummies (Ossuary)
  Robin (D:4)
  11 gnolls
  9 adders
  8 naga simulacra (IceCv)
  10 river rats (Lair:1)
  8 white imps
  4 ufetubi
  4 worms
  2 dart slugs
  43 orcs
  3 ball pythons
  7 endoplasms
  13 giant cockroaches
  24 goblins
  10 hobgoblins
  10 quokkas
  2 bats (D:1)
  16 frilled lizards
  A goblin zombie (Ossuary)
  10 hobgoblin zombies (Ossuary)
  A jackal zombie (Ossuary)
  29 kobolds
  11 kobold zombies (Ossuary)
  6 orc zombies (Ossuary)
  4 rats
  2 rat zombies (Ossuary)
726 creatures vanquished.

Vanquished Creatures (collateral kills)
  An orb spider (Spider:1)
1 creature vanquished.

Vanquished Creatures (others)
  A redback (Spider:2)
  2 humans
  A kobold (D:11)
  A butterfly (Lair:4)
  19 fungi
  32 plants
56 creatures vanquished.

Grand Total: 783 creatures vanquished

Notes
Turn   | Place    | Note
-------+----------+-------------------------------------------
     0 | D:1      | ASSMAN the Barachi Berserker began the quest for the Orb.
     0 | D:1      | Reached XP level 1. HP: 18/18 MP: 1/1
    51 | D:1      | Reached XP level 2. HP: 25/25 MP: 2/2
   317 | D:1      | Reached XP level 3. HP: 26/30 MP: 3/3
   415 | D:1      | Reached skill level 4 in Unarmed Combat
   850 | D:2      | Noticed Sigmund
   861 | D:2      | Killed Sigmund
   862 | D:2      | Reached skill level 5 in Unarmed Combat
   862 | D:2      | Reached XP level 4. HP: 38/38 MP: 4/4
   862 | D:2      | Reached XP level 5. HP: 43/43 MP: 5/5
  1117 | D:2      | Found a sacrificial altar of Ru.
  1212 | D:2      | Reached ** piety under Trog
  1356 | D:3      | Noticed Terence
  1363 | D:3      | Killed Terence
  1364 | D:3      | Reached XP level 6. HP: 37/49 MP: 6/6
  1419 | D:3      | Found a white marble altar of Elyvilon.
  1744 | D:3      | Found a shadowy altar of Dithmenos.
  2186 | D:3      | Found a glowing silver altar of Zin.
  2404 | D:4      | Reached skill level 6 in Unarmed Combat
  2496 | D:4      | Found Jeirchora's Antique Armour Emporium.
  2553 | D:4      | Found Weorhuse's Magic Scroll Shop.
  2553 | D:4      | Noticed Robin
  2577 | D:4      | Killed Robin
  2655 | D:4      | Found Fepiq's Antique Weapon Boutique.
  2710 | D:4      | Reached XP level 7. HP: 55/55 MP: 7/7
  2824 | D:4      | Reached skill level 1 in Stealth
  2824 | D:4      | Reached skill level 7 in Unarmed Combat
  3056 | D:4      | Found Bassimn's Antique Weapon Emporium.
  3317 | D:5      | Entered Level 5 of the Dungeon
  3406 | D:5      | Found a hazy altar of Hepliaklqana.
  3511 | D:5      | Found Puugil's Weapon Shoppe.
  3553 | D:5      | Reached skill level 5 in Fighting
  3553 | D:5      | Reached skill level 8 in Unarmed Combat
  3553 | D:5      | Reached XP level 8. HP: 62/62 MP: 8/8
  3736 | D:5      | Found a glowing drain.
  3740 | Sewer    | Entered a sewer
  3807 | Sewer    | Reached *** piety under Trog
  3910 | Sewer    | Reached skill level 5 in Armour
  4192 | D:5      | Reached skill level 9 in Unarmed Combat
  4254 | D:5      | Found an opulent altar of Gozag.
  4531 | D:6      | Noticed Pikel
  4583 | D:6      | Noticed Duvessa
  4585 | D:6      | Noticed Dowan
  4593 | D:6      | Killed Duvessa
  4605 | D:6      | Killed Dowan
  4606 | D:6      | Reached skill level 10 in Unarmed Combat
  4649 | D:6      | Reached XP level 9. HP: 68/68 MP: 9/9
  4673 | D:6      | Killed Pikel
  4674 | D:6      | Reached skill level 11 in Unarmed Combat
  4949 | D:4      | Bought a twisted chain mail for 247 gold pieces
  4949 | D:4      | Identified the +8 chain mail of Vexation {rC+ Regen+} (You
                  | bought it in a shop on level 4 of the Dungeon)
  5144 | D:6      | Found a sparkling altar of Nemelex Xobeh.
  5224 | D:7      | Noticed a boulder beetle
  5248 | D:7      | Killed a boulder beetle
  5249 | D:7      | Reached skill level 12 in Unarmed Combat
  5331 | D:7      | Reached XP level 10. HP: 74/74 MP: 10/10
  5440 | D:7      | Found a sand-covered staircase.
  5447 | Ossuary  | Entered an ossuary
  5476 | Ossuary  | Reached **** piety under Trog
  5744 | D:7      | Found a staircase to the Ecumenical Temple.
  5758 | D:7      | Reached skill level 13 in Unarmed Combat
  6094 | D:8      | Reached ***** piety under Trog
  6336 | D:8      | Found an iron altar of Okawaru.
  6384 | D:8      | Found a basalt altar of Yredelemnul.
  6521 | D:8      | Found a shimmering blue altar of Sif Muna.
  6555 | D:8      | Found a sacrificial altar of Ru.
  6622 | D:8      | Reached skill level 14 in Unarmed Combat
  6627 | D:8      | Found a radiant altar of Vehumet.
  7064 | D:9      | Found a staircase to the Lair.
  7109 | D:9      | Reached XP level 11. HP: 81/81 MP: 11/11
  7119 | D:9      | Reached skill level 5 in Dodging
  7431 | D:9      | Reached skill level 15 in Unarmed Combat
  7491 | D:9      | Noticed a tengu warrior
  7495 | D:9      | Noticed a cyclops
  7501 | D:9      | Killed a tengu warrior
  7518 | D:9      | Killed a cyclops
  7528 | D:9      | Gained mutation: You occasionally lose the ability to read
                  | scrolls when taking damage. [a neqoxec]
  7545 | D:9      | Identified the +8 quarterstaff of Ignis's Condemnation
                  | {venom, +Blink rN++ Str+3 Int-5}
  7566 | D:9      | Noticed a manticore
  7568 | D:9      | Killed a manticore
  7570 | D:9      | Identified the +0 glaive of Roigon {spect, rF+}
  7570 | D:9      | Noticed a deep elf pyromancer
  7576 | D:9      | Killed a deep elf pyromancer
  7577 | D:9      | Reached skill level 10 in Armour
  7626 | D:9      | Reached skill level 16 in Unarmed Combat
  7639 | D:9      | Identified the +5 spear "Ameese" {flame, rF- rC++ Will+}
  7781 | D:9      | Found an ancient bone altar of Kikubaaqudgha.
  7858 | D:10     | Entered Level 10 of the Dungeon
  8031 | D:10     | Found a staircase to the Orcish Mines.
  8086 | D:10     | Noticed a two-headed ogre
  8095 | D:10     | Killed a two-headed ogre
  8389 | D:10     | Noticed a two-headed ogre
  8398 | D:10     | Killed a two-headed ogre
  8399 | D:10     | Reached XP level 12. HP: 89/89 MP: 12/12
  8730 | D:11     | Noticed Psyche
  8737 | D:11     | Killed Psyche
  8737 | D:11     | Received a gift from Trog
  8921 | D:11     | Reached skill level 17 in Unarmed Combat
  9163 | D:11     | Noticed Fannar
  9179 | D:11     | Killed Fannar
  9562 | Lair:1   | Entered Level 1 of the Lair of Beasts
  9643 | Lair:1   | Identified the amulet of Fun {Spirit rElec Str-4 Int+7}
  9718 | Lair:1   | Reached skill level 1 in Staves
  9791 | Lair:1   | Reached skill level 5 in Staves
 10035 | Lair:1   | Lost mutation: You occasionally lose the ability to read
                  | scrolls when taking damage. [potion of mutation]
 10035 | Lair:1   | Gained mutation: You are weak. (Str -2) [potion of
                  | mutation]
 10035 | Lair:1   | Gained mutation: You do not regenerate when monsters are
                  | visible. [potion of mutation]
 10035 | Lair:1   | Lost mutation: You do not regenerate when monsters are
                  | visible. [potion of mutation]
 10035 | Lair:1   | Gained mutation: You have very sharp teeth. [potion of
                  | mutation]
 10036 | Lair:1   | Lost mutation: You have very sharp teeth. [potion of
                  | mutation]
 10036 | Lair:1   | Lost mutation: You are weak. (Str -2) [potion of mutation]
 10036 | Lair:1   | Gained mutation: Your system is resistant to poisons.
                  | (rPois) [potion of mutation]
 10036 | Lair:1   | Gained mutation: You have large cloven feet. [potion of
                  | mutation]
 10036 | Lair:1   | Gained mutation: You passively dampen the noise of your
                  | surroundings. [potion of mutation]
 10037 | Lair:1   | Lost mutation: You passively dampen the noise of your
                  | surroundings. [potion of mutation]
 10037 | Lair:1   | Lost mutation: Your system is resistant to poisons. (rPois)
                  | [potion of mutation]
 10037 | Lair:1   | Lost mutation: You have large cloven feet. [potion of
                  | mutation]
 10037 | Lair:1   | Gained mutation: You possess an exceptional clarity of
                  | mind. [potion of mutation]
 10037 | Lair:1   | Gained mutation: Your flesh is cold resistant. (rC+)
                  | [potion of mutation]
 10038 | Lair:1   | Lost mutation: You possess an exceptional clarity of mind.
                  | [potion of mutation]
 10038 | Lair:1   | Lost mutation: Your flesh is cold resistant. (rC+) [potion
                  | of mutation]
 10038 | Lair:1   | Gained mutation: You are somewhat resistant to further
                  | mutation. [potion of mutation]
 10159 | Lair:1   | Received a gift from Trog
 10832 | Lair:2   | Gained mutation: You can hop long distances. [Barachi
                  | growth]
 10832 | Lair:2   | Reached XP level 13. HP: 94/95 MP: 11/13
 10885 | Lair:2   | Found a hole to the Spider Nest.
 11675 | Lair:3   | Reached skill level 10 in Staves
 11688 | Lair:3   | Found a staircase to the Swamp.
 11695 | Lair:3   | Found a frozen archway.
 11721 | IceCv    | Entered an ice cave
 11952 | IceCv    | Received a gift from Trog
 12132 | IceCv    | Noticed a reaper
 12154 | IceCv    | Killed a reaper
 13765 | Lair:4   | Noticed Kirke
 13781 | Lair:4   | Killed Kirke
 14723 | Lair:4   | Reached XP level 14. HP: 84/103 MP: 10/14
 14831 | Lair:5   | Entered Level 5 of the Lair of Beasts
 14831 | Lair:5   | Found a hide-covered altar of Uskayaw.
 14917 | Lair:5   | Reached skill level 1 in Evocations
 15325 | Lair:5   | Found a viscous altar of Jiyva.
 15326 | Lair:5   | Found a staircase to the Slime Pits.
 15719 | Lair:5   | Found a corrupted altar of Lugonu.
 15719 | Lair:5   | Found a one-way gate to the infinite horrors of the Abyss.
 15738 | Lair:5   | Identified the +1 scale mail "Binetem" {Int+3}
 16518 | D:12     | Noticed Josephine
 16543 | D:12     | Killed Josephine
 16663 | D:12     | Noticed Lodul
 16682 | D:12     | Killed Lodul
 17251 | Spider:1 | Entered Level 1 of the Spider Nest
 17254 | Spider:1 | Noticed a broodmother
 17285 | Spider:1 | Killed a broodmother
 17333 | Spider:1 | Received a gift from Trog
 17414 | Spider:1 | Reached skill level 5 in Evocations
 18179 | Spider:1 | Killed a ghost moth
 18180 | Spider:1 | Reached XP level 15. HP: 109/115 MP: 0/15
 18568 | Spider:1 | Reached skill level 10 in Fighting
 18912 | Spider:2 | Identified the +9 rapier "Beastslayer" {speed, rF- Dex+3}
 18931 | Spider:2 | Noticed Roxanne
 18954 | Spider:2 | Killed Roxanne
 19599 | Spider:2 | Received a gift from Trog
 20410 | Spider:3 | Reached skill level 10 in Dodging
 20773 | Spider:3 | Noticed Donald
 20926 | Spider:3 | Received a gift from Trog
 20930 | Spider:3 | Killed Donald
 20943 | Spider:2 | Slain by a jumping spider

Illustrated notes

Levels and vault maps discovered:
D:1:      minmay_arrival_plants_in_alcoves, layout_loops_ring, minivault_14,
          minmay_worlds_worst_comb
D:2:      layout_rooms, basic_altar, uniq_sigmund
D:3:      layout_loops_corners, nicolae_overflow_crystal_walls, zin_scriptorium,
          lemuel_doored_altar, kennysheep_generic_room_16, uniq_terence
D:4:      layout_basic, serial_shops, kennysheep_mini_moat, shop, shop, shop,
          uniq_robin
D:5:      layout_loops_ring, mainiacjoe_overflow_surrounded_room,
          mainiacjoe_overflow_small_starburst, serial_shops,
          nicolae_stop_n_shop_1, gup_sewer_entry_spiral,
          nicolae_nh_ransacked_shop
D:6:      layout_rooms, mainiacjoe_overflow_paths, minivault_19, uniq_pikel,
          uniq_duvessa
D:7:      layout_rooms, minmay_temple_entry_slanted, chequers_ossuary_entry_cave
D:8:      layout_basic, mainiacjoe_overflow_24_doors, lemuel_tele_altar,
          nicolae_ru_sacrificial_ziggurat, yredelemnul_altar_generic,
          lemuel_blue_sif_altar
D:9:      minmay_the_grid_octo_triangle [minmay_the_grid_octo_empty,
          minmay_the_grid_octo_prize_ultimate_mussel_roller,
          minmay_the_grid_octo_checkerflower], layout_loops_ring,
          tgw_kikubaaqudgha, grunt_lair_entry_orc_guard_hut, enter_bailey_5,
          roderic_roman_lattice
D:10:     layout_stronghold, orc_david_3
D:11:     layout_basic, uniq_psyche, uniq_fannar
D:12:     layout_gridville, serial_glass, glass_columns_a, glass_columns_a,
          glass_columns_c, glass_columns_b, glass_columns_a, glass_columns_a,
          glass_columns_b, glass_columns_a, glass_columns_b, glass_columns_b,
          glass_columns_a, glass_columns_c, glass_columns_c, glass_columns_c,
          solitary_fountain, uniq_lodul, uniq_josephine
D:13:     layout_basic, lightli_vaults_fourway_checkpoint
Lair:1:   layout_regular_city, kennysheep_rathole
Lair:2:   layout_regular_city, spider_nest_entry_funnel_web,
          small_statue_intersection
Lair:3:   wad_woods_04, layout_hall_layers, swamp_mist,
          portal_ice_cave_entry_ice_simulacra
Lair:4:   minmay_lair_oklob_tunnel, layout_small_grid,
          cheibrodos_lair_caveside_slide, lemuel_fruit_fields,
          serial_bayou_shore_a, grunt_megastairs_4, serial_bayou_shore_b,
          uniq_kirke
Lair:5:   hellmonk_lair_end_abyssal_woods, layout_gridlike,
          minmay_slime_entry_pillars, basic_altar
Spider:1: nicolae_spider_hilbert_zone_3 [nicolae_spider_hilbert_4_sides_2_open,
          nicolae_spider_hilbert_3_sides_1_open,
          nicolae_spider_hilbert_3_sides_1_open,
          nicolae_spider_hilbert_3_sides_1_open,
          nicolae_spider_hilbert_3_sides_1_open,
          nicolae_spider_hilbert_4_sides_1_open,
          nicolae_spider_hilbert_4_sides_1_open,
          nicolae_spider_hilbert_4_sides_1_open,
          nicolae_spider_hilbert_4_sides_1_open,
          nicolae_spider_hilbert_4_sides_1_open,
          nicolae_spider_hilbert_4_sides_1_open,
          nicolae_spider_hilbert_4_sides_1_open,
          nicolae_spider_hilbert_4_sides_1_open,
          nicolae_spider_hilbert_3_sides_1_open,
          nicolae_spider_hilbert_3_sides_1_open,
          nicolae_spider_hilbert_3_sides_1_open,
          nicolae_spider_hilbert_3_sides_1_open]
Spider:2: layout_spider_delve, uniq_roxanne
Spider:3: lemuel_spider_zombies, gammafunk_ghost_cemetery,
          guppyfry_spider_mini_1, uniq_donald

Skill      XL: |  1  2  3  4  5  6  7  8  9 10 11 12 13 14 15 |
---------------+----------------------------------------------+-----
Fighting       | 4 5 6 7 9 11 | 11.6
Unarmed Combat | 5 6 8 10 12 14 16 17 | 17.5
Armour         | 3 4 5 7 8 10 11 13 14 | 14.3
Dodging        | 3 4 5 6 8 10 | 10.5
Stealth        | 1 2 |  2.8
Staves         | 8 14 | 14.0
Evocations     | 5 8 |  8.3
Short Blades   | |  0.4
Throwing       | |  0.5

Action                     |  1- 3 |  4- 6 |  7- 9 | 10-12 | 13-15 || total
---------------------------+-------+-------+-------+-------+-------++-------
  Melee: Unarmed           |    89 |   113 |   314 |   643 |       ||  1159
         Punch             |     4 |     4 |    20 |    53 |    33 ||   114
         Dagger            |       |    10 |       |       |       ||    10
         Quarterstaff      |       |       |       |   188 |   655 ||   843
         Spear             |       |       |       |       |   216 ||   216
         Lajatang          |       |       |       |       |   605 ||   605
  Throw: Javelin           |       |       |       |     4 |       ||     4
 Invoke: Berserk           |     4 |     2 |     7 |    16 |    14 ||    43
         Brothers in Arms  |       |       |       |       |     1 ||     1
Ability: Hop               |       |       |       |       |     2 ||     2
  Evoke: Wand              |       |       |       |       |     2 ||     2
    Use: Scroll            |       |       |    10 |     3 |    19 ||    32
         Potion            |       |       |       |     4 |     4 ||     8
   Stab: Sleeping          |       |     1 |     1 |       |       ||     2
         Distracted        |       |       |       |     1 |       ||     1
 Armour: Animal skin       |    15 |       |       |       |       ||    15
         Ring mail         |    13 |    51 |    19 |       |       ||    83
         Chain mail        |       |       |   133 |   524 |  1241 ||  1898
  Dodge: Dodged            |    41 |    65 |   124 |   470 |   811 ||  1511

Table legend: (Time is in decaauts)
 A = Elapsed time spent in this place.
 B = Non-inter-level travel time spent in this place.
 C = Inter-level travel time spent in this place.
 D = Time resting spent in this place.
 E = Time spent auto-exploring this place.
 F = Levels seen in this place.
 G = Mean time per level.
                   A        B        C        D        E       F      G
               +--------+--------+--------+--------+--------+-----+--------+
         Total |  23465 |  21429 |   2036 |   1182 |  15589 |  24 |  977.7 |
       Dungeon |  11436 |  10268 |   1168 |    343 |   7906 |  13 |  879.7 |
          Lair |   6617 |   6120 |    497 |    239 |   4659 |   5 | 1323.4 |
   Spider Nest |   3912 |   3542 |    370 |    492 |   2230 |   3 | 1304.0 |
         Sewer |    283 |    283 |      0 |      1 |    142 |   1 |  283.0 |
       Ossuary |    249 |    249 |      0 |      0 |    107 |   1 |  249.0 |
      Ice Cave |    967 |    967 |      0 |    106 |    543 |   1 |  967.0 |
               +--------+--------+--------+--------+--------+-----+--------+

Top non-repeatable levels by time:
Spider:2: 1987 daAuts
Spider:1: 1599 daAuts
  Lair:5: 1480 daAuts
  Lair:3: 1326 daAuts
  Lair:1: 1319 daAuts
  Lair:4: 1304 daAuts
    D:10: 1299 daAuts
     D:4: 1263 daAuts
  Lair:2: 1186 daAuts
     D:5: 1184 daAuts
     D:9: 1156 daAuts
     D:3: 1143 daAuts
     D:8: 1105 daAuts
     D:1: 978 daAuts
   IceCv: 967 daAuts
